Match 46421420
Unlisted

Match 46421420
End
Royal Engineer Section
Construct Section Command Post
Selects Heavy Armor Battlegroup
Dingo Light Scout Car
Infantry Section
Infantry Section
Selects Rigorous Vehicle Training
Infantry Section
Construct Platoon Command Post
Humber Armored Car
Royal Engineer Section
Infantry Training
Grenade Package
Selects Forward Repair Assembly
6-pounder Anti-tank Gun Team
Construct Company Command Post
Unlock Towed 17-pounder Anti-tank Guns
17-pounder Anti-tank Gun Team
Skeng.Tecnica.International
Just Stalin You
Rather Splendid Cromwell
cloud_drifter
Lil Pijon
Ashkan_Hunter
0
0

Comments sign in to comment!

No comments posted yet!